 Dungeon Crawl Stone Soup version 0.23-a0-650-ga4d50d4 (webtiles) character file.

95 Azzok the Digger (level 4, 0/27 HPs)
             Began as an Octopode Earth Elementalist on Jan 2, 2019.
             Slain by a rat (3 damage)
             ... on level 2 of the Dungeon.
             The game lasted 00:02:57 (1719 turns).

Azzok the Digger (Octopode Earth Elementalist)      Turns: 1719, Time: 00:02:58

Health: 0/27       AC:  1    Str:  7    XL:     4   Next: 65%
Magic:  1/8        EV: 13    Int: 18    God:
Gold:   53         SH:  0    Dex: 12    Spells: 5/9 levels left

rFire    . . .     SeeInvis .   a - +1 dagger (speed)
rCold    . . .     Gourm    .   (no shield)
rNeg     . . .     Faith    .   (helmet restricted)
rPois    .         Spirit   .   (no amulet)
rElec    .         Reflect  .   (no ring)
rCorr    .         Harm     .   (no ring)
MR       .....                  (no ring)
Stlth    +++.......             (no ring)
HPRegen  0.09/turn              (no ring)
MPRegen  0.11/turn              (no ring)
                                (no ring)
                                (no ring)

@: no status effects
A: almost no armour, stealthy swim, amphibious, 8 rings, constrict 8, camouflage
1, gelatinous body 1
a: no special abilities


You were on level 2 of the Dungeon.
You were hungry.

You visited 1 branch of the dungeon, and saw 2 of its levels.

You collected 53 gold pieces.

Inventory:

Hand Weapons
 a - a +1 dagger of speed (weapon)
Missiles
 b - 11 stones (quivered)
Scrolls
 g - a scroll of teleportation {unknown}
Potions
 e - a potion of degeneration {unknown}
 f - a potion of curing {unknown}
 h - 2 potions of invisibility {unknown}
Comestibles
 c - a ration
 d - 7 chunks of flesh


   Skills:
 - Level 2.0 Dodging
 - Level 2.6 Stealth
 + Level 3.2 Spellcasting
 + Level 0.8 Conjurations
   Level 1.0 Transmutations
 + Level 4.1 Earth Magic


You had 5 spell levels left.
You knew the following spells:

 Your Spells              Type           Power        Failure   Level  Hunger
a - Sandblast             Erth           ###...       2%          1    None
b - Stone Arrow           Conj/Erth      ##....       17%         3    ###....

Your spell library contained the following spells:

 Spells                   Type           Power        Failure   Level  Hunger
 Passwall                 Tmut/Erth      ##......     9%          2    ##.....
 Petrify                  Tmut/Erth      ##......     47%         4    ####...
 Lee's Rapid Deconstruct  Erth           ###.......   61%         5    ######.


Dungeon Overview and Level Annotations

Branches:
Dungeon (2/15)

Altars:


Innate Abilities, Weirdness & Mutations

You cannot wear most types of armour.
You are very stealthy in the water. (Stealth+)
You are amphibious.
You can wear up to eight rings at the same time.
You can use your tentacles to constrict eight enemies at once.
Your skin changes colour to match your surroundings (Stealth+).
Your rubbery body absorbs attacks. (AC +1, EV +1)


Message History

You kill Terence!
The adder misses you. The adder closely misses you.
You completely miss the adder. You grab the adder. You squeeze the adder!
The adder is severely wounded.
You constrict the adder.
The rat twitches its whiskers.
The adder closely misses you.
You hit the adder. Your squeeze misses the adder.
The adder is almost dead.
You constrict the adder, but do no damage.
The adder closely misses you.
You barely miss the adder.
The adder is almost dead.
You constrict the adder.
You kill the adder!
You closely miss the rat. You grab the rat.
You constrict the rat, but do no damage.
The rat bites you.
You die...

▒········▒▒▒······▒
▒▒▒·········▒▒···▒▒▒▒▒▒
▒·▒▒···▒▒···········▒
······▒·▒▒·▒·········▒
······▒▒▒·▒▒·▒·········▒
···<···
▒···············▒ ······
··▒··▒····▒▒▒▒▒▒▒▒
······
▒▒▒▒·▒··▒··▒·····▒
▒·@··▒········▒ ···
▒▒▒▒r···▒······▒
····▒▒···K·▒▒·······▒
········▒···▒·▒·······
·▒▒▒▒▒·<··[···▒·······
▒·····▒··▒·······
▒▒▒K▒············
···▒·▒▒▒········
····▒▒·▒ ········


You could see a kobold and a rat.

Vanquished Creatures
  Terence (D:2)
  A gnoll (D:1)
  An adder (D:2)
  An ooze (D:1)
  3 dart slugs (D:1)
  A leopard gecko (D:1)
  3 giant cockroaches
  3 hobgoblins
  3 jackals (D:1)
  6 bats
  A frilled lizard (D:1)
  5 goblins
  7 kobolds (D:1)
  4 rats
40 creatures vanquished.

Notes
Turn   | Place    | Note
-------+----------+-------------------------------------------
     0 | D:1      | Azzok the Octopode Earth Elementalist began the quest for
                  | the Orb.
     0 | D:1      | Reached XP level 1. HP: 11/11 MP: 3/3
    49 | D:1      | Reached XP level 2. HP: 17/17 MP: 0/5
   444 | D:1      | Reached XP level 3. HP: 7/21 MP: 0/7
  1607 | D:2      | Reached XP level 4. HP: 25/27 MP: 8/8
  1609 | D:2      | Reached skill level 4 in Earth Magic
  1615 | D:2      | Learned a level 3 spell: Stone Arrow
  1698 | D:2      | Noticed Terence
  1710 | D:2      | Killed Terence
  1719 | D:2      | Slain by a rat

Vault maps used:
D:1:      sevenhm_arrival_forest_fort_small_4, serial_glass, glass_columns_c,
          glass_columns_a
D:2:      chequers_temple_overflow_statue_of_worship, minmay_joined_circles,
          uniq_terence

Skill      XL: |  1  2  3  4 |
---------------+-------------+-----
Spellcasting   | 3 |  3.2
Earth Magic    | 4 |  4.1
Dodging        | |  2.0
Stealth        | |  2.6
Conjurations   | |  0.8
Transmutations | |  1.0

Action                   |  1- 3 |  4- 6 || total
-------------------------+-------+-------++-------
Melee: Dagger            |    64 |    10 ||    74
       Constrict         |    15 |     6 ||    21
       Tentacles         |    11 |     4 ||    15
 Cast: Sandblast         |    20 |     8 ||    28
  Use: Scroll            |     1 |       ||     1
 Stab: Sleeping          |     4 |       ||     4
  Eat: Chunk             |     2 |       ||     2
Armor: Skin              |     7 |       ||     7
Dodge: Dodged            |    42 |     7 ||    49

Table legend:
 A = Non-vault XP
 B = Vault XP
 C = Vault XP percentage of total XP
 D = Non-vault monster count
 E = Vault monster count
 F = Vault count percentage of total count
                 A         B        C        D         E       F
            +---------+---------+-------+---------+---------+-------
      Total |     100 |      36 |  26.5 |      39 |       1 |   2.5
            +---------+---------+-------+---------+---------+-------
        D:1 |      78 |       0 |   0.0 |      33 |       0 |   0.0
        D:2 |      22 |      36 |  62.1 |       6 |       1 |  14.3
            +---------+---------+-------+---------+---------+-------
